 Dungeon Crawl Stone Soup version 0.29-a0-359-g541a27f54d (webtiles) character file.

Game seed: 9058790465229949502

91 NinjaNoafa the Bolt Thrower (level 4, -8/38 HPs)
             Began as a Minotaur Hunter on Apr 27, 2022.
             Mangled by Sigmund
             ... wielding a +0 scythe
              (9 damage)
             ... on level 2 of the Dungeon.
             The game lasted 00:02:43 (1342 turns).

NinjaNoafa the Bolt Thrower (Minotaur Hunter)       Turns: 1342, Time: 00:02:43

Health: -8/38      AC:  7    Str: 16    XL:     4   Next: 34%
Magic:  3/3        EV: 12    Int:  6    God:
Gold:   75         SH:  0    Dex: 15    Spells: 3/3 levels left

rFire   x . .      SeeInvis .   a - +1 hand crossbow
rCold   + . .      Faith    .   (no shield)
rNeg    . . .      Spirit   .   b - +1 leather armour
rPois   .          Reflect  .   (helmet restricted)
rElec   .          Harm     .   (no cloak)
rCorr   .          Rampage  .   f - +2 pair of gloves
Will    .....                   (no boots)
Stlth   ++........              (no amulet)
HPRegen 0.12/turn               i - ring of ice
MPRegen 0.08/turn               (no ring)

@: no status effects
A: horns 2, retaliatory headbutt
a: no special abilities


You were on level 2 of the Dungeon.
You visited 1 branch of the dungeon, and saw 2 of its levels.

You collected 75 gold pieces.

Inventory:

Hand Weapons
 a - a +1 hand crossbow (weapon)
Missiles
 d - 66 stones
 k - 6 poisoned darts
Armour
 b - a +1 leather armour (worn)
 f - a +2 pair of gloves (worn)
Jewellery
 i - a ring of ice (left hand)


   Skills:
 + Level 3.5 Fighting
 + Level 4.9 Crossbows
 + Level 3.1 Dodging
 + Level 1.9 Stealth


You had 3 spell levels left.
You didn't know any spells.
Your spell library was empty.

Dungeon Overview and Level Annotations

Branches:
Dungeon (2/15)

Altars:

Annotations:
D:2 Sigmund


Innate Abilities, Weirdness & Mutations

You have a pair of horns on your head.
You reflexively headbutt those who attack you in melee.


Message History

Something hits you!
Non-targeted confused shoot: a) +1 hand crossbow
Press: ? - help, Q - select action, (/) - cycle Dir - look around, f - activate You shoot a bolt.
You feel less confused. Something hits you.
* * * LOW HITPOINT WARNING * * *
Shoot: a) +1 hand crossbow
Press: ? - help, Q - select action, (/) - cycle Shift-Dir - straight line You shoot a bolt.
You hear some strange, mumbled words.
A puff of flame appears from out of thin air!
The puff of flame hits you but does no damage.
Shoot: a) +1 hand crossbow
Press: ? - help, Q - select action, (/) - cycle Shift-Dir - straight line You shoot a bolt.
Something hits you but does no damage.
Shoot: a) +1 hand crossbow
Press: ? - help, Q - select action, (/) - cycle Shift-Dir - straight line You shoot a bolt.
Something barely misses you.
Shoot: a) +1 hand crossbow
Press: ? - help, Q - select action, (/) - cycle Shift-Dir - straight line You shoot a bolt.
You hear some strange, mumbled words.
A puff of flame appears from out of thin air!
The puff of flame hits you! The fire burns you terribly!
* * * LOW HITPOINT WARNING * * *
Shoot: a) +1 hand crossbow
Press: ? - help, Q - select action, (/) - cycle Shift-Dir - straight line You shoot a bolt.
A magic dart appears from out of thin air!
The magic dart hits you.
* * * LOW HITPOINT WARNING * * *
You aren't carrying any potions.
Really read the scroll of immolation?
You can't even see any enemies this would affect.
As you read the scroll of immolation, it crumbles to dust.
The creatures around you are filled with an inner flame!
Something hits you!
You die...

## #.##....###.#.##
.#######.##.##...#.#..
......................
.#######.##.##.#.#.#.##.
........................
.#######.##.##.#.#....#
.# #.##.##.#.#..... .#
#.##.##.#.#.##.#. .#
#.##.....@.......
.#######.#####.#.#.##.#.
......# ## #.#{#..?
).....# ... ..#.# ##.#
......# ...... #.# #
......#†..... #.#
.###......... #.#
.###.######## #.#
.............


There were no monsters in sight!

Vanquished Creatures
  Natasha (twice) (D:2)
  An adder (D:2)
  2 dart slugs (D:1)
  2 bats
  6 endoplasms
  2 giant cockroaches
  2 goblins
  5 hobgoblins (D:1)
  3 ball pythons
  A frilled lizard (D:1)
  A rat (D:2)
27 creatures vanquished.

Notes
Turn   | Place    | Note
-------+----------+-------------------------------------------
     0 | D:1      | NinjaNoafa the Minotaur Hunter began the quest for the Orb.
     0 | D:1      | Reached XP level 1. HP: 18/18 MP: 0/0
   200 | D:1      | Reached skill level 1 in Stealth
   205 | D:1      | Reached XP level 2. HP: 25/25 MP: 1/1
   579 | D:1      | Found a faded altar of an unknown god.
   848 | D:2      | Reached XP level 3. HP: 31/31 MP: 2/2
   854 | D:2      | Noticed Natasha
   857 | D:2      | Killed Natasha
   952 | D:2      | Noticed Natasha
  1000 | D:2      | Killed Natasha
  1001 | D:2      | Reached XP level 4. HP: 6/38 MP: 3/3
  1322 | D:2      | Noticed Sigmund
  1341 | D:2      | HP: 1/38 [something/magic dart (2)]
  1342 | D:2      | Mangled by Sigmund

Illustrated notes

Levels and vault maps discovered:
D:1:      minmay_arrival_shattered_statue, layout_basic,
          ebering_ecumenical_altar_petrified, serial_park_tiny_1
D:2:      layout_basic, uniq_natasha, uniq_sigmund

Skill      XL: |  1  2  3 |
---------------+----------+-----
Stealth        | 1 |  1.9
Fighting       | 3 |  3.5
Dodging        | 3 |  3.1
Crossbows      | |  4.9

Action                   |  1- 3 |  4- 6 || total
-------------------------+-------+-------++-------
Melee: Unarmed           |     3 |       ||     3
 Fire: Hand crossbow     |    61 |    23 ||    84
  Use: Potion            |     2 |       ||     2
       Scroll            |       |     4 ||     4
Armor: Leather armour    |     5 |     5 ||    10
Dodge: Dodged            |     6 |     2 ||     8

Table legend: (Time is in decaauts)
 A = Elapsed time spent in this place.
 B = Non-inter-level travel time spent in this place.
 C = Inter-level travel time spent in this place.
 D = Time resting spent in this place.
 E = Time spent auto-exploring this place.
 F = Levels seen in this place.
 G = Mean time per level.
                   A        B        C        D        E       F      G
               +--------+--------+--------+--------+--------+-----+--------+
         Total |   1383 |   1365 |     18 |      0 |   1143 |   2 |  691.5 |
       Dungeon |   1383 |   1365 |     18 |      0 |   1143 |   2 |  691.5 |
               +--------+--------+--------+--------+--------+-----+--------+

Top non-repeatable levels by time:
     D:1: 854 daAuts
     D:2: 528 daAuts
